 Dungeon Crawl Stone Soup version 0.27-a0-1302-g7736ffe575 (webtiles) character file.

Game seed: 18405562933645050451

34633 Kinoniko the Severer (level 13, -1/113 HPs)
             Began as a Demonspawn Berserker on June 18, 2021.
             Was an Elder of Trog.
             Slain by a blink frog (6 damage)
             ... on level 6 of the Lair of Beasts.
             The game lasted 00:18:22 (17995 turns).

Kinoniko the Severer (Demonspawn Berserker)        Turns: 17995, Time: 00:18:23

Health: -1/113     AC: 22    Str: 21    XL:     13   Next: 43%
Magic:  13/13      EV: 13    Int: 11    God:    Trog [****..]
Gold:   1028       SH:  3    Dex: 12    Spells: 12/12 levels left

rFire    . . .     SeeInvis .   h - +1 war axe (spect)
rCold    . . .     Faith    .   I - +0 buckler
rNeg     + . .     Spirit   .   v - +3 scale mail
rPois    .         Reflect  .   (helmet unavailable)
rElec    .         Harm     .   w - +1 cloak
rCorr    .         Rampage  ∞   d - +2 pair of gloves
Will     .....                  M - +3 pair of seven-league boots {Rampage+∞}
Stlth    ..........             q - amulet of magic regeneration
HPRegen  0.28/turn              b - ring of positive energy
MPRegen  0.51/turn              E - +4 ring of protection

@: on berserk cooldown, slowed, repel missiles, very slow
A: horns 3, repulsion field 3, spiny 1, magic regeneration
a: Renounce Religion, Berserk, Trog's Hand, Brothers in Arms


You were on level 6 of the Lair of Beasts.
You worshipped Trog.
Trog was greatly pleased with you.
You visited 2 branches of the dungeon, and saw 15 of its levels.

You collected 1028 gold pieces.

Inventory:

Hand Weapons
 a - the +8 mace of Temnohig {vorpal, rElec rN+ rCorr Dex+4}
   (You found it on level 7 of the Dungeon)

   It inflicts extra damage upon your enemies.
   It affects your dexterity (+4).
   It insulates you from electricity.
   It protects you from negative energy.
   It protects you from acid and corrosion.
 h - a +1 spectral war axe (weapon)
Missiles
 x - a curare-tipped dart
Armour
 d - a +2 pair of gloves (worn)
 v - a +3 scale mail (worn)
 w - a +1 cloak (worn)
 B - a +0 pair of boots
 I - a +0 buckler (worn)
 M - the +3 pair of seven-league boots (worn) {Rampage+∞}
   (You found it on level 4 of the Lair of Beasts)
Jewellery
 b - a ring of positive energy (left hand)
 k - a ring of ice
 q - an amulet of magic regeneration (around neck)
 E - a +4 ring of protection (right hand)
 F - a ring of flight
Wands
 g - a wand of charming (7)
 l - a wand of mindburst (28)
 u - a wand of iceblast (14)
 y - a wand of paralysis (16)
 C - a wand of acid (7)
 D - a wand of digging (5)
 G - a wand of flame (5)
Scrolls
 e - a scroll of immolation
 f - a scroll of holy word
 n - 3 scrolls of fog
 p - 4 scrolls of magic mapping
 K - 3 scrolls of identify
 L - a scroll of torment {unknown}
 N - a scroll of acquirement {unknown}
 P - a scroll of amnesia {unknown}
Potions
 i - a potion of flight {unknown}
 j - 7 potions of curing
 m - 2 potions of berserk rage {unknown}
 o - 2 potions of lignification
 r - a potion of mutation {unknown}
 s - a potion of degeneration {unknown}
 t - a potion of cancellation {unknown}
 z - a potion of magic {unknown}
 A - 2 potions of haste {unknown}
 H - a potion of attraction {unknown}
 J - a potion of brilliance {unknown}


   Skills:
 * Level 14.1 Fighting
 - Level 16.2 Axes
 - Level 1.7 Armour
 - Level 1.7 Dodging


You had 12 spell levels left.
You didn't know any spells.
Your spell library was empty.

Dungeon Overview and Level Annotations

Branches:
Dungeon (9/15)             Temple (0/1) D:6            Lair (6/6) D:8
 Shoals (0/4) Lair:2        Snake (0/4) Lair:2        Slime (0/5) Lair:5
    Orc (0/2) D:9

Altars:
Hepliaklqana
Jiyva

Shops:
D:7 (   D:8 ?

Portals:
Abyss: D:6

Annotations:
D:6 2 transporters, BlueGoblin's ghost, novice DjWz


Innate Abilities, Weirdness & Mutations

You have a pair of large horns on your head.
You are surrounded by a strong repulsion field. (EV +4, RMsl)
You are partially covered in sharp spines.
You regenerate magic rapidly.


Message History

The blink frog blinks!
The boulder beetle is struck by your spines.
The boulder beetle bites you but does no damage.
The blink frog barely misses you.
You closely miss the blink frog. You headbutt the blink frog!
You kill the blink frog!
Trog accepts your kill.
You hit the boulder beetle but do no damage.
Your spectral +1 spectral war axe hits the boulder beetle.
The boulder beetle bites you!
* * * LOW HITPOINT WARNING * * *
You hit the boulder beetle but do no damage.
The boulder beetle is lightly wounded.
Your spectral +1 spectral war axe hits the boulder beetle but does no damage.
The boulder beetle closely misses you.
You hit the boulder beetle.
The boulder beetle is moderately wounded.
Your spectral +1 spectral war axe hits the boulder beetle but does no damage.
The boulder beetle bites you but does no damage.
Unknown command.
You hit the boulder beetle.
The boulder beetle is moderately wounded.
Your spectral +1 spectral war axe hits the boulder beetle.
The boulder beetle closely misses you.
You slash the boulder beetle!
The boulder beetle is heavily wounded.
You hit the blink frog.
Your spectral +1 spectral war axe hits the blink frog.
Your spectral +1 spectral war axe hits the boulder beetle but does no damage.
The blink frog hits your spectral +1 spectral war axe but does no damage.
You block the boulder beetle's attack. You block the blink frog's attack.
The boulder beetle bites you!
* * * LOW HITPOINT WARNING * * *
You slash the boulder beetle! You headbutt the boulder beetle.
The boulder beetle is severely wounded.
You hit the blink frog.
Your spectral +1 spectral war axe hits the blink frog!
The blink frog is struck by your spines.
The blink frog hits you.
You die...

....F.........#..
...............#...
..............####..
+.P............# #
.##.............###
.#..............#
......§..##
......B...###
......F@....#
.......(....#
...........##
...|.......#
..........##
..........#
...........
............


You could see a boulder beetle, a blink frog and a friendly spectral +1 spectral
war axe (summoned).

Vanquished Creatures
  5 hydras
  A boulder beetle (Lair:4)
  A catoblepas (Lair:5)
  3 two-headed ogres
  6 death yaks
  A black mamba (Lair:5)
  3 elephants (Lair:2)
  A guardian serpent (Lair:4)
  Maurice (D:9)
  A torpor snail (Lair:2)
  8 cane toads
  4 rime drakes
  8 komodo dragons
  A troll (D:9)
  9 dream sheep
  7 blink frogs
  6 spriggans (Lair:3)
  A wraith (D:9)
  19 yaks
  3 wyverns
  3 basilisks
  A human (D:9)
  A warg (D:9)
  Menkaure (D:4)
  4 nagas (Lair:2)
  An acid dragon (D:8)
  14 water moccasins
  An ice beast (D:6)
  4 orc warriors
  A sky beast (D:6)
  2 black bears
  5 necrophages
  4 ogres
  A centaur (D:9)
  7 wolves
  A phantom (D:4)
  A kobold brigand (D:8)
  14 bullfrogs
  10 scorpions
  A wyvern skeleton (D:7)
  2 water moccasin skeletons (D:4)
  7 wights (D:7)
  3 electric eels (D:6)
  A howler monkey (D:9)
  A jelly (D:3)
  2 centaur zombies
  Crazy Yiuf (D:7)
  3 hounds
  4 orc priests
  A bullfrog skeleton (D:6)
  A centaur skeleton (D:5)
  A scorpion zombie (D:3)
  Ijyb (D:4)
  2 iguanas
  11 orc wizards
  5 hell rats (Lair:3)
  2 howler monkey zombies
  7 adders
  A white imp (D:6)
  2 ufetubi
  2 worms
  3 dart slugs
  40 orcs
  4 bats
  11 endoplasms
  2 giant cockroaches (D:2)
  6 hobgoblins
  4 quokkas
  7 ball pythons
  2 frilled lizards (D:1)
  5 kobolds
  12 rats
322 creatures vanquished.

Vanquished Creatures (collateral kills)
  2 hydras (Lair:2)
  A komodo dragon (Lair:4)
  A polar bear (Lair:2)
  A blink frog (Lair:2)
  3 dream sheep (Lair:5)
8 creatures vanquished.

Vanquished Creatures (others)
  46 fungi
  76 plants
122 creatures vanquished.

Grand Total: 452 creatures vanquished

Notes
Turn   | Place    | Note
-------+----------+-------------------------------------------
     0 | D:1      | Kinoniko the Demonspawn Berserker began the quest for the
                  | Orb.
     0 | D:1      | Reached XP level 1. HP: 18/18 MP: 1/1
    10 | D:1      | Found a faded altar of an unknown god.
   173 | D:1      | Reached skill level 3 in Axes
   321 | D:1      | Gained mutation: You have a pair of small horns on your
                  | head. [demonic ancestry]
   321 | D:1      | Reached XP level 2. HP: 20/24 MP: 2/2
   794 | D:1      | Gained mutation: You are surrounded by a mild repulsion
                  | field. (EV +2) [demonic ancestry]
   794 | D:1      | Reached XP level 3. HP: 29/29 MP: 3/3
   985 | D:2      | Reached skill level 4 in Axes
  1242 | D:2      | Reached ** piety under Trog
  1248 | D:2      | Gained mutation: You are surrounded by a moderate repulsion
                  | field. (EV +3) [demonic ancestry]
  1248 | D:2      | Reached XP level 4. HP: 35/35 MP: 4/4
  1852 | D:2      | Noticed a scorpion
  1856 | D:2      | Killed a scorpion
  1857 | D:2      | Reached skill level 5 in Axes
  1857 | D:2      | Reached XP level 5. HP: 41/41 MP: 5/5
  2636 | D:3      | Reached skill level 6 in Axes
  2982 | D:4      | Noticed Menkaure
  2993 | D:3      | Reached XP level 6. HP: 18/47 MP: 6/6
  3491 | D:4      | Killed Menkaure
  3492 | D:4      | Reached skill level 7 in Axes
  3805 | D:4      | Gained mutation: You have a pair of horns on your head.
                  | [demonic ancestry]
  3805 | D:4      | Reached XP level 7. HP: 46/52 MP: 7/7
  4070 | D:4      | Reached skill level 8 in Axes
  4686 | D:4      | Noticed Ijyb
  4692 | D:4      | Killed Ijyb
  5034 | D:5      | Entered Level 5 of the Dungeon
  5095 | D:5      | Reached skill level 9 in Axes
  5095 | D:5      | Gained mutation: You regenerate magic rapidly. [demonic
                  | ancestry]
  5095 | D:5      | Reached XP level 8. HP: 58/58 MP: 8/8
  5401 | D:5      | Reached *** piety under Trog
  5749 | D:5      | Reached skill level 10 in Axes
  5892 | D:6      | Found a one-way gate to the infinite horrors of the Abyss.
  5892 | D:6      | Noticed BlueGoblin's ghost (novice DjWz)
  5892 | D:6      | Noticed a small abomination
  5897 | D:6      | Noticed a toenail golem
  6134 | D:6      | Found a transporter.
  6174 | D:6      | Found a transporter.
  6208 | D:6      | Found a staircase to the Ecumenical Temple.
  6535 | D:6      | Reached skill level 11 in Axes
  6572 | D:6      | Gained mutation: You are surrounded by a strong repulsion
                  | field. (EV +4, RMsl) [demonic ancestry]
  6572 | D:6      | Reached XP level 9. HP: 63/63 MP: 9/9
  7881 | D:7      | Found Konaolum's Weapon Emporium.
  8231 | D:7      | Reached **** piety under Trog
  8376 | D:7      | Reached skill level 12 in Axes
  8559 | D:7      | Identified the +8 mace of Temnohig {vorpal, rElec rN+ rCorr
                  | Dex+4}
  8701 | D:7      | Found a runed translucent door.
  8702 | D:7      | Noticed Crazy Yiuf
  9002 | D:7      | Killed Crazy Yiuf
  9107 | D:8      | Noticed a komodo dragon
  9116 | D:8      | Found a staircase to the Lair.
  9131 | D:8      | Killed a komodo dragon
  9142 | D:8      | Reached skill level 13 in Axes
  9144 | D:8      | Gained mutation: You have a pair of large horns on your
                  | head. [demonic ancestry]
  9144 | D:8      | Reached XP level 10. HP: 40/70 MP: 10/10
  9294 | D:8      | Found Tiggotte's Magic Scroll Shop.
  9461 | D:8      | Noticed a two-headed ogre
  9467 | D:8      | Killed a two-headed ogre
  9660 | D:8      | Found a hazy altar of Hepliaklqana.
 10054 | D:9      | Reached skill level 14 in Axes
 10061 | D:9      | Noticed a two-headed ogre
 10062 | D:9      | Reached ***** piety under Trog
 10342 | D:9      | Noticed Maurice
 10345 | D:9      | Killed a two-headed ogre
 10507 | D:9      | Found a staircase to the Orcish Mines.
 10510 | D:9      | Killed Maurice
 10812 | D:9      | Noticed a two-headed ogre
 10819 | D:9      | Killed a two-headed ogre
 10820 | D:9      | Gained mutation: You are partially covered in sharp spines.
                  | [demonic ancestry]
 10820 | D:9      | Reached XP level 11. HP: 75/75 MP: 11/11
 10856 | D:9      | Reached skill level 15 in Axes
 11088 | Lair:1   | Entered Level 1 of the Lair of Beasts
 11244 | Lair:1   | Noticed a six-headed hydra
 11255 | Lair:1   | Killed a ten-headed hydra
 11913 | Lair:2   | Noticed a six-headed hydra
 11917 | Lair:2   | Reached skill level 5 in Fighting
 11929 | Lair:2   | Killed an eight-headed hydra
 12185 | Lair:2   | Noticed a six-headed hydra
 12190 | Lair:2   | Killed a six-headed hydra
 12221 | Lair:2   | Found a staircase to the Shoals.
 12474 | Lair:2   | Reached skill level 16 in Axes
 12609 | Lair:2   | You fall into a shaft and drop 2 floors!
 12868 | Lair:3   | Reached XP level 12. HP: 90/91 MP: 12/12
 13568 | Lair:2   | Found a staircase to the Snake Pit.
 14031 | Lair:2   | Noticed an eight-headed hydra
 14037 | Lair:2   | Killed an eight-headed hydra
 15413 | Lair:4   | Noticed a boulder beetle
 15431 | Lair:4   | Killed a boulder beetle
 15432 | Lair:4   | Reached skill level 10 in Fighting
 15479 | Lair:4   | Noticed a death yak
 15491 | Lair:4   | Killed a death yak
 15542 | Lair:4   | Found the +3 pair of seven-league boots {Rampage+∞}
 16267 | Lair:5   | Noticed a catoblepas
 16438 | Lair:5   | Noticed a death yak
 16459 | Lair:5   | Killed a catoblepas
 16466 | Lair:4   | Killed a death yak
 16467 | Lair:4   | HP: 5/102 [komodo dragon (19)]
 16876 | Lair:5   | Noticed a death yak
 16877 | Lair:5   | Noticed a death yak
 16879 | Lair:5   | Noticed a death yak
 16920 | Lair:4   | Killed a death yak
 16921 | Lair:4   | Reached XP level 13. HP: 109/109 MP: 13/13
 17233 | Lair:5   | Found a viscous altar of Jiyva.
 17233 | Lair:5   | Found a staircase to the Slime Pits.
 17563 | Lair:6   | Entered Level 6 of the Lair of Beasts
 17994 | Lair:6   | HP: 5/113 [boulder beetle (14)]
 17995 | Lair:6   | Slain by a blink frog

Illustrated notes

Levels and vault maps discovered:
D:1:      dpeg_arrival_simpleton_a, layout_rooms,
          chequers_ecumenical_altar_simple_redux, minmay_pentomino_w4
D:2:      layout_loops_corners
D:3:      layout_loops_corners
D:4:      layout_loops_ring, uniq_ijyb, uniq_menkaure
D:5:      layout_rooms
D:6:      layout_loops_ring, temple_statues, gammafunk_ghost_abyssal_escape,
          serial_bayou, serial_bayou_ford_a, serial_bayou_pond_a,
          serial_bayou_lagoon_b, serial_bayou_pond_b
D:7:      layout_layer_cave, serial_shops, nicolae_stop_n_shop_2,
          minmay_misc_feat_secret_circle, uniq_crazy_yiuf_cottage
D:8:      layout_gridville, kennysheep_mini, due_lair_maze_entry_diamond,
          serial_shops, shop, minmay_misc_feat_four_crosses
D:9:      layout_irregular_city, erik_orc_4, uniq_maurice
Lair:1:   layout_roguey, serial_bayou_shore_b
Lair:2:   layout_roguey, elwin_shoals_entry_rocks,
          minmay_snake_entry_guardpost_small
Lair:3:   layout_big_grid, wad_woods_01, grunt_megastairs_1
Lair:4:   layout_cave_pods, hellmonk_guarded_unrand_seven_league_boots,
          infiniplex_staircase_pool_2
Lair:5:   beast_lair_carwin_large_1, layout_cave_shapes, slime_altar_1
Lair:6:   cheibrodos_lair_end_hotspot, layout_regular_city

Skill      XL: |  1  2  3  4  5  6  7  8  9 10 11 12 13 |
---------------+----------------------------------------+-----
Axes           | 3 4 5 6 7 9 11 13 14 16 | 16.2
Fighting       | 7 12 14 | 14.1
Armour         | |  1.7
Dodging        | |  1.7

Action                   |  1- 3 |  4- 6 |  7- 9 | 10-12 | 13-15 || total
-------------------------+-------+-------+-------+-------+-------++-------
Melee: Hand axe          |    93 |    85 |   114 |       |       ||   292
       Headbutt          |    12 |    14 |    50 |    52 |    17 ||   145
       War axe           |       |       |   153 |   300 |    64 ||   517
Invok: Berserk           |     2 |     5 |    14 |    16 |     5 ||    42
       Trog's Hand       |       |       |     1 |     2 |       ||     3
       Brothers in Arms  |       |       |       |     6 |     2 ||     8
  Use: Scroll            |       |       |    14 |     6 |     1 ||    21
       Potion            |       |       |     1 |     1 |     1 ||     3
 Stab: Sleeping          |     1 |       |       |       |       ||     1
       Distracted        |       |       |     1 |     3 |       ||     4
       Invisible         |       |       |     1 |       |       ||     1
Armor: Scale mail        |    24 |       |    24 |   135 |    70 ||   253
       Ring mail         |     6 |    21 |     2 |       |       ||    29
       Chain mail        |       |       |    77 |       |       ||    77
Dodge: Dodged            |    54 |    51 |   122 |   165 |    67 ||   459
       Repelled          |       |       |     3 |       |     1 ||     4
Block: Buckler           |       |       |       |    10 |    12 ||    22

Table legend: (Time is in decaauts)
 A = Elapsed time spent in this place.
 B = Non-inter-level travel time spent in this place.
 C = Inter-level travel time spent in this place.
 D = Time resting spent in this place.
 E = Time spent auto-exploring this place.
 F = Levels seen in this place.
 G = Mean time per level.
                   A        B        C        D        E       F      G
               +--------+--------+--------+--------+--------+-----+--------+
         Total |  18364 |  17786 |    578 |   6313 |   9580 |  15 | 1224.3 |
       Dungeon |  11350 |  11014 |    336 |   3977 |   5690 |   9 | 1261.1 |
          Lair |   7014 |   6772 |    242 |   2335 |   3890 |   6 | 1169.0 |
               +--------+--------+--------+--------+--------+-----+--------+

Top non-repeatable levels by time:
  Lair:4: 2119 daAuts
     D:6: 2112 daAuts
     D:4: 1900 daAuts
  Lair:2: 1603 daAuts
     D:3: 1465 daAuts
     D:8: 1384 daAuts
     D:2: 1257 daAuts
  Lair:3: 1218 daAuts
     D:7: 1188 daAuts
  Lair:1: 1066 daAuts
     D:1: 823 daAuts
     D:9: 700 daAuts
  Lair:5: 555 daAuts
     D:5: 517 daAuts
  Lair:6: 450 daAuts
